 Dungeon Crawl Stone Soup version 0.30-a0-782-ge64f9170bb (webtiles) character file.

Game seed: 2598865280695070980

455 theswoord the Basher (level 6, -5/47 HPs)
             Began as a Demonspawn Monk on Feb 18, 2023.
             Killed from afar by Dowan (15 damage)
             ... with a stone arrow
             ... on level 4 of the Dungeon.
             The game lasted 00:06:36 (3328 turns).

theswoord the Basher (Demonspawn Monk)              Turns: 3328, Time: 00:06:37

Health: -5/47      AC:  8    Str: 13    XL:     6   Next: 76%
Magic:  6/6        EV:  8    Int: 11    God:
Gold:   192        SH:  0    Dex: 16    Spells: 5/5 levels left

rFire   . . .      SeeInvis .    a - +0 mace
rCold   . . .      Faith    .    (no shield)
rNeg    . . .      Spirit   .    i - +0 chain mail
rPois   .          Reflect  .    (helmet restricted)
rElec   .          Harm     .    (no cloak)
rCorr   .          Rampage  .    (no gloves)
Will    .....                    (no boots) Stlth
                                 (no amulet)
HPRegen 0.27/turn                (no ring)
MPRegen 0.10/turn                (no ring)

@: studying Maces & Flails
A: horns 1, repulsion field 1, ignite blood 1, spiny 1
a: no special abilities


You were on level 4 of the Dungeon.
You visited 1 branch of the dungeon, and saw 4 of its levels.

You collected 192 gold pieces.

Inventory:

Hand Weapons
 a - a +0 mace (weapon)
Armour
 b - a +0 robe
 i - a +0 chain mail (worn)
 n - a +2 buckler
Jewellery
 l - a ring of fire
 o - an amulet of faith
Scrolls
 h - 2 scrolls of identify
Potions
 c - a potion of ambrosia
 d - 2 potions of heal wounds
 f - a potion of resistance
 g - a potion of attraction
 j - a potion of mutation
 k - 3 potions of degeneration


   Skills:
 - Level 3.0 Fighting
 + Level 8.6 Maces & Flails
 - Level 2.6 Dodging
 - Level 1.7 Stealth


You had 5 spell levels left.
You didn't know any spells.
Your spell library contained the following spells:

 Spells                   Type           Power      Damage    Failure   Level
 Sting                    Tmut/Pois      0%         1d3       100%        1
 Poisonous Vapours        Pois/Air       0%         N/A       100%        2
 Olgreb's Toxic Radiance  Pois           0%         N/A       100%        4


Dungeon Overview and Level Annotations

Branches:
Dungeon (4/15)
 Temple: D:4-7

Altars:

Annotations:
D:4 Dowan


Innate Abilities, Weirdness & Mutations

You have a pair of small horns on your head.
You are surrounded by a mild repulsion field. (EV +2)
Your demonic aura sometimes causes spilled blood to erupt in flames.
You are partially covered in sharp spines.


Message History

You completely miss Duvessa. Duvessa hits you but does no damage.
You hit Duvessa but do no damage. Duvessa hits you but does no damage. x2
You hit Duvessa. Duvessa hits you but does no damage.
You hit Duvessa but do no damage.
You feel less wooden.
Your +0 chain mail unmelds from your body.
Duvessa is struck by your spines. Duvessa barely misses you.
Duvessa hits you but does no damage.
You hit Duvessa. You headbutt Duvessa, but do no damage.
Duvessa hits you with a +0 short sword.
* * * LOW HITPOINT WARNING * * *
You feel much better. Duvessa hits you with a +0 short sword.
Duvessa is struck by your spines. Duvessa hits you with a +0 short sword.
You hit Duvessa. You headbutt Duvessa.
Duvessa says, "I don't care about looks, I care about technique!"
Duvessa is struck by your spines. Duvessa barely misses you.
You hit Duvessa but do no damage. You headbutt Duvessa, but do no damage.
Duvessa hits you with a +0 short sword! Duvessa hits you but does no damage.
You sock Duvessa!
You kill Duvessa!
Dowan screams, "No!
Oh no!"
Dowan seems to find hidden reserves of power!
Dowan mumbles some strange words.
Dowan blinks!
Your Maces & Flails skill increases to level 8!
You swing at nothing.
Dowan gestures wildly while chanting.
Dowan blinks!
Dowan gestures at you while chanting. The shard of ice hits you!
* * * LOW HITPOINT WARNING * * *
You hit Dowan but do no damage. Dowan barely misses you.
You closely miss Dowan. You headbutt Dowan. Dowan is struck by your spines.
Dowan hits you with a +0 dagger.
* * * LOW HITPOINT WARNING * * *
Dowan hits you but does no damage.
You hit Dowan. You headbutt Dowan.
Dowan points at you and mumbles some strange words.
The stone arrow hits you!
You die...

.......##.#.##....#.
#...........##.....
#........##.# .....
####............ .....
##.......?......$.....(
#................>.....
##.....................
##.##e#...............
## #@##......#....#.#
#.[# .....# .#### #..#
#....# ..... #..# .#.(#
##.. #... ##. ..... .
##... .# ..... #....


You could see Dowan (fast).

Vanquished Creatures
  Duvessa (D:4)
  An ice beast (D:4)
  A scorpion (D:4)
  An orc wizard (D:4)
  Robin (D:2)
  8 adders
  A dart slug (D:1)
  5 orcs
  5 bats (D:2)
  14 endoplasms
  4 giant cockroaches
  11 goblins
  13 hobgoblins
  3 jackals (D:1)
  7 kobolds
  3 quokkas
  8 ball pythons
  4 frilled lizards
  5 rats
96 creatures vanquished.

Notes
Turn   | Place    | Note
-------+----------+-------------------------------------------
     0 | D:1      | theswoord the Demonspawn Monk began the quest for the Orb.
     0 | D:1      | Reached XP level 1. HP: 18/18 MP: 1/1
    88 | D:1      | Reached skill level 3 in Maces & Flails
   377 | D:1      | Gained mutation: Your demonic aura sometimes causes spilled
                  | blood to erupt in flames. [demonic ancestry]
   377 | D:1      | Reached XP level 2. HP: 11/24 MP: 2/2
   556 | D:1      | Gained mutation: You have a pair of small horns on your
                  | head. [demonic ancestry]
   556 | D:1      | Reached XP level 3. HP: 14/29 MP: 3/3
   840 | D:2      | Reached skill level 4 in Maces & Flails
   891 | D:2      | Noticed Robin
   900 | D:2      | Killed Robin
  1044 | D:2      | Reached XP level 4. HP: 35/35 MP: 4/4
  1894 | D:3      | Reached skill level 5 in Maces & Flails
  2022 | D:3      | Identified a scroll of acquirement
  2022 | D:3      | Acquired a manual of Maces & Flails
  2183 | D:3      | Gained mutation: You are partially covered in sharp spines.
                  | [demonic ancestry]
  2183 | D:3      | Reached XP level 5. HP: 41/41 MP: 5/5
  2634 | D:4      | Noticed an ice beast
  2662 | D:4      | Killed an ice beast
  2663 | D:4      | Reached skill level 6 in Maces & Flails
  2878 | D:4      | Reached skill level 7 in Maces & Flails
  2889 | D:4      | Noticed Duvessa
  2889 | D:4      | Noticed Dowan
  3274 | D:4      | Gained mutation: You are surrounded by a mild repulsion
                  | field. (EV +2) [demonic ancestry]
  3274 | D:4      | Reached XP level 6. HP: 35/47 MP: 6/6
  3315 | D:4      | Killed Duvessa
  3316 | D:4      | Reached skill level 8 in Maces & Flails
  3328 | D:4      | Killed from afar by Dowan

Skill      XL: |  1  2  3  4  5  6 |
---------------+-------------------+-----
Maces & Flails | 3 4 5 7 8 |  8.6
Fighting       | |  3.0
Dodging        | |  2.6
Stealth        | |  1.7

Action                     |  1- 3 |  4- 6 || total
---------------------------+-------+-------++-------
  Melee: Mace              |   114 |   171 ||   285
         Headbutt          |     5 |    24 ||    29
         Punch             |     1 |     2 ||     3
    Use: Scroll            |     4 |     9 ||    13
         Potion            |       |     4 ||     4
   Stab: Sleeping          |     6 |       ||     6
 Armour: Robe              |    20 |     2 ||    22
         Chain mail        |       |    73 ||    73
         Skin              |       |    50 ||    50
  Dodge: Dodged            |    81 |    38 ||   119

Levels and vault maps discovered:
D:1:      dpeg_arrival_pits, layout_basic
D:2:      minmay_alternating_diamond, layout_loops_ring, uniq_robin
D:3:      layout_basic
D:4:      layout_cave_pools, serial_column_ruins, column_ruins_grid_3,
          column_ruins_open_small, column_ruins_grid_1,
          column_ruins_open_tiny_water, column_ruins_corridor_straight,
          column_ruins_open_small, column_ruins_open_tiny, uniq_duvessa
